TOP OF THE 1ST |
Nantucket Orcas batting - Pitching for Scottsdale Scorpions : RHP Rick Díaz
|
Pitching: RHP Rick Díaz
|
|
Batting: RHB Charlie Pérez
|
0-0: Ball 1-0: Foul Ball, location: 2F 1-1: Ground out 4-3 (Groundball, 4M)
|
Batting: RHB Demetrio Inrouville
|
0-0: Ball 1-0: Fly out, F6 (Popup, 5D)
|
Batting: LHB Eugene Lee
|
0-0: Foul Ball, location: 2F 0-1: Swinging Strike 0-2: Ball 1-2: Ground out 3-1 (Groundball, 34)
|
Top of the 1st over - 0 runs, 0 hits, 0 errors, 0 left on base; Nantucket 0 - Scottsdale 0 |
BOTTOM OF THE 1ST |
Scottsdale Scorpions batting - Pitching for Nantucket Orcas : LHP Armando Fuentes
|
Pitching: LHP Armando Fuentes
|
|
Batting: RHB Nathan Taylor
|
0-0: Called Strike 0-1: Foul Ball, location: 2F 0-2: Ball 1-2: SINGLE (Groundball, 6M) (infield hit)
|
Batting: RHB José Martínez
|
0-0: Ball 1-0: SINGLE (Line Drive, 8LS) Nathan Taylor to second
|
Batting: RHB Steve Boyer
|
0-0: Ball Nathan Taylor steals 3rd base José Martínez to second 1-0: Ground out 6-3 (Groundball, 6) Nathan Taylor scores
|
Batting: LHB Tony Ayala
|
0-0: Ball José Martínez steals 3rd base 1-0: Called Strike 1-1: DOUBLE (Line Drive, 7LM) José Martínez scores
|
Batting: SHB Luis López
|
0-0: Swinging Strike 0-1: Ground out 5-3 (Groundball, 56S) Tony Ayala to third
|
Batting: RHB Phil Rowlett
|
0-0: Foul Ball, location: 2F 0-1: Foul Ball, location: 2F 0-2: Ball 1-2: SINGLE (Line Drive, 34D) Tony Ayala scores
|
Batting: RHB Rob Johnston
|
0-0: Called Strike 0-1: Ball 1-1: Foul Ball, location: 2F 1-2: Ball 2-2: Strikes out swinging
|
Bottom of the 1st over - 3 runs, 4 hits, 0 errors, 1 left on base; Nantucket 0 - Scottsdale 3 |
TOP OF THE 2ND |
Nantucket Orcas batting - Pitching for Scottsdale Scorpions : RHP Rick Díaz
|
Batting: RHB Paul Bell
|
0-0: Called Strike 0-1: Ball 1-1: Called Strike 1-2: Ball 2-2: Foul Ball, location: 2F 2-2: Ground out 6-3 (Groundball, 6M)
|
Batting: RHB Matt Dundee
|
0-0: Ball 1-0: Foul Ball, location: 2F 1-1: Ball 2-1: Called Strike 2-2: Strikes out swinging
|
Batting: SHB Cristián Salazar
|
0-0: Called Strike 0-1: SINGLE (Flyball, 78M)
|
Batting: RHB Curt O'Brian
|
0-0: Called Strike 0-1: Ball 1-1: Ball 2-1: Called Strike 2-2: Foul Ball, location: 2F 2-2: SINGLE (Line Drive, 7S) Cristián Salazar to second
|
Batting: RHB Luis Cruz
|
0-0: Fly out, F1 (Line Drive, 13)
|
Top of the 2nd over - 0 runs, 2 hits, 0 errors, 2 left on base; Nantucket 0 - Scottsdale 3 |
BOTTOM OF THE 2ND |
Scottsdale Scorpions batting - Pitching for Nantucket Orcas : LHP Armando Fuentes
|
Batting: RHB Robinson Fernández
|
0-0: Ball 1-0: Fly out, F8 (Line Drive, 8RD)
|
Batting: RHB Jeff McQueen
|
0-0: Swinging Strike 0-1: Swinging Strike 0-2: Ball 1-2: Strikes out swinging
|
Batting: RHB Nathan Taylor
|
0-0: Called Strike 0-1: Fly out, F7 (Flyball, 7D)
|
Bottom of the 2nd over - 0 runs, 0 hits, 0 errors, 0 left on base; Nantucket 0 - Scottsdale 3 |
TOP OF THE 3RD |
Nantucket Orcas batting - Pitching for Scottsdale Scorpions : RHP Rick Díaz
|
Batting: RHB Juan Gómez
|
0-0: SINGLE (Groundball, 6MD)
|
Batting: RHB Charlie Pérez
|
0-0: Ball 1-0: Ball 2-0: Ball 3-0: Base on Balls Juan Gómez to second
|
Batting: RHB Demetrio Inrouville
|
0-0: Ball 1-0: Ball 2-0: Ball 3-0: Called Strike 3-1: Foul Ball, location: 2F 3-2: Foul Ball, location: 2F 3-2: Base on Balls Juan Gómez to third Charlie Pérez to second
|
Batting: LHB Eugene Lee
|
0-0: Ball Passed Ball! Juan Gómez scores Charlie Pérez to third Demetrio Inrouville to second 1-0: Ball 2-0: Foul Ball, location: 2F 2-1: Ball 3-1: Base on Balls
|
Batting: RHB Paul Bell
|
0-0: SINGLE (Flyball, 9LS) Charlie Pérez scores Demetrio Inrouville to third Eugene Lee to second Runner from 3rd tries for Home, SAFE, no throw
|
Batting: RHB Matt Dundee
|
0-0: Ball 1-0: SINGLE (Line Drive, 89M) Eugene Lee to third Paul Bell to second
|
Batting: SHB Cristián Salazar
|
0-0: Ball 1-0: Called Strike 1-1: Called Strike 1-2: Strikes out swinging
|
Batting: RHB Curt O'Brian
|
0-0: Foul Ball, location: 2F
|
|
|
|
0-1: Swinging Strike 0-2: Strikes out looking
|
Batting: RHB Luis Cruz
|
0-0: Ground out 6-3 (Groundball, 6)
|
Top of the 3rd over - 3 runs, 3 hits, 0 errors, 3 left on base; Nantucket 3 - Scottsdale 3 |
BOTTOM OF THE 3RD |
Scottsdale Scorpions batting - Pitching for Nantucket Orcas : LHP Armando Fuentes
|
Batting: RHB José Martínez
|
0-0: Called Strike 0-1: Ball 1-1: Swinging Strike 1-2: Ground out 6-3 (Groundball, 6)
|
Batting: RHB Steve Boyer
|
0-0: Called Strike 0-1: Ball 1-1: Ball 2-1: Ball 3-1: Foul Ball, location: 2F 3-2: Base on Balls
|
Batting: LHB Tony Ayala
|
0-0: Fielders Choice at 2nd, 1-6 (Groundball, P)
|
Batting: SHB Luis López
|
0-0: Called Strike 0-1: Ball 1-1: Ball 2-1: Foul Ball, location: 2F 2-2: SINGLE (Line Drive, 6D) Tony Ayala to second Tony Ayala to third
|
Batting: RHB Phil Rowlett
|
0-0: Ball 1-0: Swinging Strike 1-1: Called Strike 1-2: 3-RUN HOME RUN (Flyball, 7LD), Distance : 322 ft
|
Batting: RHB Rob Johnston
|
0-0: Reached on error, E5 (Groundball, 56)
|
Batting: RHB Robinson Fernández
|
0-0: Ball Rob Johnston is caught stealing 2nd base
|
Bottom of the 3rd over - 3 runs, 2 hits, 1 error, 0 left on base; Nantucket 3 - Scottsdale 6 |
TOP OF THE 4TH |
Nantucket Orcas batting - Pitching for Scottsdale Scorpions : RHP Rick Díaz
|
Batting: RHB Juan Gómez
|
0-0: Called Strike 0-1: Ball 1-1: Foul Ball, location: 2F 1-2: Ball 2-2: Ground out 4-3 (Groundball, 4)
|
Batting: RHB Charlie Pérez
|
0-0: Called Strike 0-1: Fly out, F3 (Popup, 3SF)
|
Batting: RHB Demetrio Inrouville
|
0-0: Ball 1-0: Ball 2-0: Foul Ball, location: 2F 2-1: Called Strike 2-2: Strikes out looking
|
Top of the 4th over - 0 runs, 0 hits, 0 errors, 0 left on base; Nantucket 3 - Scottsdale 6 |
BOTTOM OF THE 4TH |
Scottsdale Scorpions batting - Pitching for Nantucket Orcas : LHP Armando Fuentes
|
Batting: RHB Robinson Fernández
|
0-0: Foul Ball, location: 2F 0-1: Ground out 4-3 (Groundball, 4)
|
Batting: RHB Jeff McQueen
|
0-0: Called Strike 0-1: Ball 1-1: Ball 2-1: Ball 3-1: Fly out, F8 (Flyball, 8RD)
|
Batting: RHB Nathan Taylor
|
0-0: Ball 1-0: Foul Ball, location: 2F 1-1: Ball 2-1: Ball 3-1: Foul Ball, location: 2F 3-2: Base on Balls
|
Pitching: RHP Gerard Pérez
|
|
Batting: RHB José Martínez
|
0-0: Ball Nathan Taylor steals 2nd base 1-0: Swinging Strike 1-1: Foul Ball, location: 2F 1-2: Strikes out swinging
|
Bottom of the 4th over - 0 runs, 0 hits, 0 errors, 1 left on base; Nantucket 3 - Scottsdale 6 |
TOP OF THE 5TH |
Nantucket Orcas batting - Pitching for Scottsdale Scorpions : RHP Rick Díaz
|
Batting: LHB Eugene Lee
|
0-0: Called Strike 0-1: SINGLE (Groundball, 4MD)
|
Batting: RHB Paul Bell
|
0-0: Ball 1-0: Ball 2-0: Ball 3-0: Base on Balls Eugene Lee to second
|
Batting: RHB Matt Dundee
|
0-0: Ball 1-0: Fielders Choice at 2nd, 3-6 (Groundball, 3) Eugene Lee to third
|
Batting: SHB Cristián Salazar
|
0-0: Called Strike 0-1: Called Strike 0-2: Ball 1-2: Foul Ball, location: 2F 1-2: Ball 2-2: Ground out U3 (Groundball, 3L) Matt Dundee to second
|
Batting: RHB Curt O'Brian
|
0-0: Fly out, F4 (Line Drive, 4MS)
|
Top of the 5th over - 0 runs, 1 hit, 0 errors, 2 left on base; Nantucket 3 - Scottsdale 6 |
BOTTOM OF THE 5TH |
Scottsdale Scorpions batting - Pitching for Nantucket Orcas : RHP Gerard Pérez
|
Batting: RHB Steve Boyer
|
0-0: Called Strike 0-1: Ball 1-1: SINGLE (Groundball, 56D)
|
Batting: LHB Tony Ayala
|
0-0: Ball 1-0: Fly out, F5 (Popup, 5S)
|
Batting: SHB Luis López
|
0-0: Swinging Strike 0-1: Swinging Strike 0-2: Ball 1-2: Fly out, F7 (Flyball, 7LD)
|
Batting: RHB Phil Rowlett
|
0-0: Called Strike 0-1: Swinging Strike 0-2: Ball 1-2: Foul Ball, location: 2F 1-2: Strikes out swinging
|
Bottom of the 5th over - 0 runs, 1 hit, 0 errors, 1 left on base; Nantucket 3 - Scottsdale 6 |
TOP OF THE 6TH |
Nantucket Orcas batting - Pitching for Scottsdale Scorpions : RHP Rick Díaz
|
Pitching: RHP Raúl Alonzo
|
|
Batting: RHB Luis Cruz
|
0-0: Ball 1-0: Ball 2-0: Foul Ball, location: 2F 2-1: Ball 3-1: Base on Balls
|
Batting: RHB Juan Gómez
|
0-0: SINGLE (Groundball, 6MD) Luis Cruz to second Runner from 2nd tries for 3rd, SAFE, throw made to third
|
Batting: RHB Charlie Pérez
|
0-0: Called Strike 0-1: Ball 1-1: Foul Ball, location: 2F 1-2: Strikes out swinging
|
Batting: RHB Demetrio Inrouville
|
0-0: Foul Ball, location: 2F 0-1: Ball 1-1: Ball 2-1: Ground out 5-3 (Groundball, 25) Juan Gómez to second
|
Batting: LHB Eugene Lee
|
0-0: Called Strike 0-1: Called Strike 0-2: Ball 1-2: Strikes out swinging
|
Top of the 6th over - 0 runs, 1 hit, 0 errors, 2 left on base; Nantucket 3 - Scottsdale 6 |
BOTTOM OF THE 6TH |
Scottsdale Scorpions batting - Pitching for Nantucket Orcas : RHP Gerard Pérez
|
Batting: RHB Rob Johnston
|
0-0: Swinging Strike 0-1: Swinging Strike 0-2: Ball 1-2: Strikes out swinging
|
Batting: RHB Robinson Fernández
|
0-0: Ball 1-0: Ground out 4-3 (Groundball, 4)
|
Batting: RHB Jeff McQueen
|
0-0: Ball 1-0: SINGLE (Groundball, 4MD)
|
Batting: RHB Nathan Taylor
|
0-0: Called Strike 0-1: Fielders Choice at 2nd, 6-4 (Groundball, 6)
|
Bottom of the 6th over - 0 runs, 1 hit, 0 errors, 1 left on base; Nantucket 3 - Scottsdale 6 |
TOP OF THE 7TH |
Nantucket Orcas batting - Pitching for Scottsdale Scorpions : RHP Raúl Alonzo
|
Batting: RHB Paul Bell
|
0-0: Ball 1-0: Ball 2-0: Ball 3-0: Called Strike 3-1: Base on Balls
|
Batting: RHB Matt Dundee
|
0-0: Foul Ball, location: 2F 0-1: Ground out 5-3 (Groundball, 5S) Paul Bell to second
|
Batting: SHB Cristián Salazar
|
0-0: Called Strike 0-1: Ball 1-1: Swinging Strike 1-2: Strikes out looking
|
Batting: RHB Curt O'Brian
|
0-0: Called Strike 0-1: Foul Ball, location: 2F 0-2: Ball 1-2: Foul Ball, location: 2F 1-2: Ball 2-2: Ball 3-2: Foul Ball, location: 2F 3-2: Fly out, F8 (Flyball, 8LM)
|
Top of the 7th over - 0 runs, 0 hits, 0 errors, 1 left on base; Nantucket 3 - Scottsdale 6 |
BOTTOM OF THE 7TH |
Scottsdale Scorpions batting - Pitching for Nantucket Orcas : RHP Gerard Pérez
|
Batting: RHB José Martínez
|
0-0: Called Strike 0-1: Swinging Strike 0-2: Ball 1-2: Foul Ball, location: 2F 1-2: Foul Ball, location: 2F 1-2: Ball 2-2: Ball 3-2: Base on Balls
|
Batting: RHB Steve Boyer
|
0-0: Ball 1-0: Swinging Strike 1-1: Fly out, F4 (Line Drive, 4)
|
Batting: LHB Tony Ayala
|
0-0: Ball 1-0: Ball 2-0: Foul Ball, location: 2F 2-1: Foul Ball, location: 2F 2-2: Strikes out swinging
|
Batting: SHB Luis López
|
0-0: Ball Passed Ball! José Martínez to second 1-0: Ball 2-0: Ball 3-0: Base on Balls
|
Batting: RHB Phil Rowlett
|
0-0: Called Strike 0-1: Ball 1-1: Ball 2-1: Ball 3-1: Base on Balls José Martínez to third Luis López to second
|
Pitching: RHP Chuma Faqihi
|
|
Pinch Hitting: LHB Clayton Bailey
|
0-0: Ball 1-0: Called Strike 1-1: Called Strike 1-2: SINGLE (Groundball, 4MD) José Martínez scores Luis López to third Phil Rowlett to second Runner from 3rd tries for Home, SAFE, no throw
|
Batting: RHB Robinson Fernández
|
0-0: Called Strike 0-1: Called Strike 0-2: SINGLE (Groundball, 6MD) Phil Rowlett to third Clayton Bailey to second Runner from 3rd tries for Home, throw and OUT!
|
Bottom of the 7th over - 2 runs, 2 hits, 0 errors, 2 left on base; Nantucket 3 - Scottsdale 8 |
TOP OF THE 8TH |
Nantucket Orcas batting - Pitching for Scottsdale Scorpions : RHP Raúl Alonzo
|
Now at 3B: Ronald Smith
|
|
Batting: RHB Luis Cruz
|
0-0: Ground out 4-3 (Groundball, 4)
|
Batting: RHB Juan Gómez
|
0-0: Fly out, F8 (Flyball, 89D)
|
Batting: RHB Charlie Pérez
|
0-0: Ground out 6-3 (Groundball, 6)
|
Top of the 8th over - 0 runs, 0 hits, 0 errors, 0 left on base; Nantucket 3 - Scottsdale 8 |
BOTTOM OF THE 8TH |
Scottsdale Scorpions batting - Pitching for Nantucket Orcas : RHP Chuma Faqihi
|
Batting: RHB Jeff McQueen
|
0-0: Ball 1-0: Foul Ball, location: 2F 1-1: Called Strike 1-2: Ball 2-2: Foul Ball, location: 2F 2-2: Ball 3-2: Base on Balls
|
Batting: RHB Nathan Taylor
|
0-0: Ball 1-0: Ball 2-0: Ball 3-0: Called Strike 3-1: Base on Balls Jeff McQueen to second
|
Batting: RHB José Martínez
|
0-0: Called Strike 0-1: Hit by Pitch Jeff McQueen to third Nathan Taylor to second
|
Batting: RHB Steve Boyer
|
0-0: Swinging Strike 0-1: Fly out, F7 (Flyball, 78M) Runner from 3rd tags up, OUT at HOME Nathan Taylor to third José Martínez to second
|
Batting: LHB Tony Ayala
|
0-0: Ball 1-0: Called Strike 1-1: Ball Balk! Nathan Taylor scores José Martínez to third 2-1: Fly out, F7 (Flyball, 7LS)
|
Bottom of the 8th over - 1 run, 0 hits, 0 errors, 1 left on base; Nantucket 3 - Scottsdale 9 |
TOP OF THE 9TH |
Nantucket Orcas batting - Pitching for Scottsdale Scorpions : RHP Raúl Alonzo
|
Batting: RHB Demetrio Inrouville
|
0-0: Ball 1-0: Ball 2-0: Ball 3-0: Called Strike 3-1: Base on Balls
|
Batting: LHB Eugene Lee
|
0-0: Called Strike 0-1: Called Strike 0-2: Foul Ball, location: 2F 0-2: Ball 1-2: Ball 2-2: Strikes out swinging
|
Batting: RHB Paul Bell
|
0-0: Called Strike 0-1: Fielders Choice at 2nd, 6-4 (Groundball, 6D)
|
Batting: RHB Matt Dundee
|
0-0: Called Strike 0-1: Called Strike 0-2: Foul Ball, location: 2F 0-2: Fly out, F7 (Flyball, 7)
|
Top of the 9th over - 0 runs, 0 hits, 0 errors, 1 left on base; Nantucket 3 - Scottsdale 9 |
|
Saturday, April 7th, 2018 - OOTP Baseball 18.8 Build 76
|
|